 Dungeon Crawl Stone Soup version 0.21.1-1-g345015f (webtiles) character file.

1231 Goblin1989 the Chopper (level 8, 0/54 HPs)
             Began as a Demonspawn Chaos Knight on Feb 19, 2018.
             Slain by a wight
             ... wielding a cursed +4 mace of freezing
              (1 damage)
             ... on level 5 of the Dungeon.
             The game lasted 00:14:00 (7184 turns).

Goblin1989 the Chopper (Demonspawn Chaos Knight)    Turns: 7184, Time: 00:14:01

Health: 0/54       AC:  5    Str: 12    XL:     8   Next: 24%
Magic:  10/10      EV: 17    Int: 12    God:    Xom [..*...]
Gold:   255        SH:  0    Dex: 20    Spells: 3/7 levels left

rFire    . . .     SeeInvis .   a - +0 hand axe (chaos)
rCold    . . .     Gourm    .   (no shield)
rNeg     . . .     Faith    .   O - +1 leather armour of the Amoeba {rPois}
rPois    +         Spirit   .   (helmet restricted)
rElec    .         Reflect  .   (no cloak)
rCorr    .         Harm     .   (no gloves)
MR       .....                  (no boots)
Stlth    +++.......             (no amulet)
HPRegen  0.18/turn              n - +2 ring of dexterity
MPRegen  0.12/turn              (no ring)

@: agile, heavily drained
A: antennae 1, slimy green scales 2, blurry vision 1, deformed body, dopey 1,
frail 1, powered by pain 1, weak 1
a: Renounce Religion


You were on level 5 of the Dungeon.
You worshipped Xom.
You were a toy of Xom.
You were hungry.

You visited 1 branch of the dungeon, and saw 6 of its levels.

You collected 255 gold pieces.

Inventory:

Hand Weapons
 a - a +0 hand axe of chaos (weapon)
 L - a +0 whip of draining
 P - a +1 executioner's axe of chopping {god gift}
Missiles
 q - 4 needles of sleeping
Armour
 b - a +2 leather armour
 u - a +0 scale mail
 v - a +0 plate armour of positive energy
 O - the +1 leather armour of the Amoeba (worn) {rPois}
   (You found it on level 5 of the Dungeon)

   It protects you from poison.
Jewellery
 n - a +2 ring of dexterity (left hand)
Wands
 E - a wand of enslavement (15)
 T - a wand of digging (9)
Scrolls
 g - 2 scrolls of magic mapping {unknown}
 k - 5 scrolls of remove curse {unknown}
 o - a scroll of noise {unknown}
 t - 4 scrolls of fog {unknown}
 w - a scroll of blinking {unknown}
 y - a scroll of amnesia {unknown}
 A - a scroll of enchant weapon {unknown}
 F - a scroll of random uselessness {unknown}
 G - a scroll of teleportation {unknown}
 I - a scroll of enchant armour {unknown}
 R - 5 scrolls of identify {@r1}
 S - a scroll of fear {unknown}
Potions
 f - a potion of lignification
 j - 5 potions of curing {@q1}
 l - 5 potions of invisibility {unknown}
 p - 2 potions of cancellation {unknown}
 z - 2 potions of haste {@q3, !q}
 B - a potion of degeneration {unknown}
 C - a potion of might {unknown}
 N - a potion of mutation {!q}
 U - a potion of heal wounds {unknown}
Books
 J - a book of Necromancy

   Spells                             Type                      Level
   a - Pain                           Necromancy                   1
   b - Animate Skeleton               Necromancy                   1
   c - Vampiric Draining              Necromancy                   3
   d - Regeneration                   Charms/Necromancy            3
   e - Animate Dead                   Necromancy                   4
   f - Borgnjor's Vile Clutch         Necromancy/Earth             5
 Q - a book of Changes

   Spells                             Type                      Level
   a - Beastly Appendage              Transmutation                1
   b - Sticks to Snakes               Transmutation                2
   c - Spider Form                    Transmutation/Poison         3
   d - Ice Form                       Ice/Transmutation            4
   e - Blade Hands                    Transmutation                5
Comestibles
 e - 10 rations


   Skills:
 + Level 4.8(2.6) Fighting
 * Level 6.5(4.2) Axes
 + Level 3.8(1.7) Armour
 + Level 3.4(1.3) Dodging
 + Level 3.2(1.2) Evocations


You had 3 spell levels left.
You knew the following spells:

 Your Spells              Type           Power        Failure   Level  Hunger
b - Animate Skeleton      Necr           N/A          38%         1    ##.....
R - Regeneration          Chrm/Necr      #.........   77%         3    ####...


Dungeon Overview and Level Annotations

Branches:
Dungeon (6/15)
 Temple: D:4-7

Altars:
Ashenzari
Cheibriados
Dithmenos
Fedhas
Makhleb
Nemelex Xobeh
Sif Muna
Uskayaw
Wu Jian
Xom


Innate Abilities, Weirdness & Mutations

You have a pair of small antennae on your head.
You are mostly covered in slimy green scales. (AC +3)
You sometimes gain a little power by taking damage.
Scrolls take you a little longer to read.
Armour fits poorly on your strangely shaped body.
You are dopey. (Int -2)
You are frail. (-10% HP)
You are weak. (Str -2)


Message History

No target in view!
No target in view!
No target in view!
No target in view!
No target in view!
Key pressed, stopping explore.
HP restored. 2 wights come into view.
A wight is wielding a mace of freezing.
Found a stone staircase leading up.
Things that are here:
a long sword; a robe; Health restored: 54
There are monsters nearby! 2 orcs come into view.
The orc shouts! x2
An orc priest comes into view. It is wielding a whip.
The orc priest shouts!
You hit the wight. You burn the wight.
The wight is moderately damaged.
The wight hits you with a hand axe.
You feel drained.
You take 8 damage, and have 46/54 hp.
You hit the wight.
The wight looks sleepy for a second.
The wight is heavily damaged.
You are feeling hungry.
The wight hits you with a hand axe.
You take 3 damage, and have 43/54 hp.
You closely miss the wight.
The wight is heavily damaged.
You hit the wight but do no damage. The wight closely misses you.
The wight hits you with a hand axe.
You feel drained.
You take 7 damage, and have 36/54 hp.
You hit the wight.
The wight is almost destroyed.
You barely miss the wight. The wight closely misses you.
You hit the wight but do no damage.
The wight is almost destroyed.
You hit the wight but do no damage.
The wight hits you with a mace of freezing!
You feel drained.
* * * LOW HITPOINT WARNING * * *
The wight freezes you.
* * * LOW HITPOINT WARNING * * *
You take 15 damage, and have 21/54 hp.
MASSIVE DAMAGE!!
Things that are here:
a long sword; a robe
There is an open door here.
There is a blossoming altar of Fedhas here.
There is an open door here.
There is a stone staircase leading up here.
The wight hits you with a mace of freezing.
* * * LOW HITPOINT WARNING * * *
The wight freezes you.
* * * LOW HITPOINT WARNING * * *
You climb upwards.
There is a stone staircase leading down here.
You take 4 damage, and have 21/54 hp.
You hit the wight.
The wight seems to speed up.
The wight is lightly damaged.
The wight hits you with a mace of freezing.
* * * LOW HITPOINT WARNING * * *
You feel drained. The wight freezes you.
* * * LOW HITPOINT WARNING * * *
You take 3 damage, and have 18/54 hp.
You hit the wight.
The wight is moderately damaged.
The wight barely misses you.
You barely miss the wight.
The wight is moderately damaged.
The wight closely misses you. The wight hits you but does no damage.
You hit the wight but do no damage.
The wight is moderately damaged.
The wight closely misses you.
You hit the wight but do no damage.
The wight seems to slow down.
The wight is moderately damaged.
The wight hits you with a mace of freezing.
* * * LOW HITPOINT WARNING * * *
You feel drained. The wight freezes you.
* * * LOW HITPOINT WARNING * * *
You take 8 damage, and have 10/54 hp.
You barely miss the wight.
The wight is moderately damaged.
The wight hits you with a mace of freezing.
* * * LOW HITPOINT WARNING * * *
You feel drained.
* * * LOW HITPOINT WARNING * * *
The wight freezes you.
* * * LOW HITPOINT WARNING * * *
You take 4 damage, and have 6/54 hp.
You barely miss the wight.
The wight is moderately damaged.
The wight barely misses you.
Unknown command.
Okay, then.
You feel agile all of a sudden.
You barely miss the wight.
The wight is moderately damaged.
The wight hits you with a mace of freezing.
* * * LOW HITPOINT WARNING * * *
Xom is highly amused!
You feel drained.
You die...

.█...█.............█..█....█
.█...█.............█..█....█
.∆...∆.............█..█....█
.█..███.███████...██..█....█
██..███.███.███...██..██████
█........█.........█...█
█........█.........█...█
█........█.........█...█
█..███████..██..@.██████████
█∆████.███..██...z███......█
...∆................█.....>█
...█................∆......█
█████.........<.....█......█
█..███∆███..██......█......█
...██..███████......█......█
........█...........█......█
........█...██████..█......█


You could see a wight.

Vanquished Creatures
  Duvessa (D:6)
  2 sky beasts (D:5)
  An ogre (D:5)
  A centaur (D:6)
  2 scorpions (D:4)
  A wight (D:6)
  3 crimson imps (D:5)
  A bullfrog zombie (D:6)
  A hound (D:5)
  An orc priest (D:4)
  A jelly (D:5)
  2 iguanas
  An orc wizard (D:4)
  4 worker ants
  A hound skeleton (D:6)
  9 gnolls
  4 adders
  2 river rats
  2 oozes (D:4)
  An adder skeleton (D:4)
  2 worms
  6 leopard geckos
  9 orcs
  3 giant cockroaches
  8 goblins
  6 hobgoblins
  3 jackals (D:6)
  4 quokkas
  6 bats
  4 frilled lizards
  5 kobolds
  A quokka skeleton (D:4)
  8 rats
106 creatures vanquished.

Vanquished Creatures (others)
  A gnoll (D:5)
1 creature vanquished.

Grand Total: 107 creatures vanquished

Notes
Turn   | Place    | Note
-------+----------+-------------------------------------------
     0 | D:1      | Goblin1989 the Demonspawn Chaos Knight began the quest for the Orb.
     0 | D:1      | Reached XP level 1. HP: 18/18 MP: 1/1
   263 | D:1      | Reached skill level 3 in Axes
   476 | D:1      | Gained mutation: You are partially covered in slimy green scales. (AC +2) [demonic ancestry]
   476 | D:1      | Reached XP level 2. HP: 11/24 MP: 2/2
   498 | D:1      | XOM: harmless Tloc miscast
   590 | D:1      | XOM: silly message
   655 | D:1      | XOM: divination: magic mapping
   885 | D:1      | XOM: divination: detect creatures
  1036 | D:1      | XOM: silly message
  1046 | D:1      | XOM: harmless Erth miscast
  1193 | D:1      | XOM: divination: detect items
  1214 | D:1      | XOM: divination: detect items
  1262 | D:1      | XOM: harmless Necr miscast
  1285 | D:2      | Gained mutation: You sometimes gain a little power by taking damage. [demonic ancestry]
  1285 | D:2      | Reached XP level 3. HP: 24/29 MP: 3/3
  1308 | D:2      | XOM: harmless Pois miscast
  1436 | D:2      | XOM: cloud trail
  1486 | D:2      | Found a shadowy altar of Dithmenos.
  1505 | D:2      | Reached skill level 4 in Axes
  1937 | D:2      | Found a shattered altar of Ashenzari.
  2237 | D:3      | Reached skill level 1 in Dodging
  2270 | D:3      | Reached XP level 4. HP: 21/35 MP: 4/4
  2603 | D:3      | Found a hide-covered altar of Uskayaw.
  2901 | D:4      | Reached XP level 5. HP: 33/41 MP: 5/5
  2907 | D:4      | XOM: 9-stop teleportation journey
  3297 | D:4      | Reached skill level 1 in Evocations
  3557 | D:4      | Found a snail-covered altar of Cheibriados.
  3576 | D:4      | Found a deep blue altar of Sif Muna.
  3941 | D:4      | Found a shimmering altar of Xom.
  3958 | D:4      | Reached skill level 5 in Axes
  3958 | D:4      | Gained mutation: You are mostly covered in slimy green scales. (AC +3) [demonic ancestry]
  3958 | D:4      | Reached XP level 6. HP: 25/47 MP: 5/7
  4376 | D:4      | XOM: give mutations
  4376 | D:4      | Gained mutation: Armour fits poorly on your strangely shaped body. [Xom's mischief]
  4376 | D:4      | Gained mutation: You are clumsy. (Dex -2) [Xom's mischief]
  4376 | D:4      | Gained mutation: You are weak. (Str -2) [Xom's mischief]
  4458 | D:4      | Learned a level 1 spell: Animate Skeleton
  4462 | D:4      | Learned a level 3 spell: Regeneration
  4516 | D:5      | Entered Level 5 of the Dungeon
  4592 | D:5      | XOM: harmless Necr miscast
  4621 | D:5      | XOM: give mutations
  4621 | D:5      | Gained mutation: Scrolls take you a little longer to read. [Xom's mischief]
  4621 | D:5      | Lost mutation: You are clumsy. (Dex -2) [Xom's mischief]
  4621 | D:5      | Lost mutation: Scrolls take you a little longer to read. [Xom's mischief]
  4621 | D:5      | Gained mutation: You are frail. (-10% HP) [Xom's mischief]
  4672 | D:5      | Noticed a sky beast
  4686 | D:5      | Killed a sky beast
  4691 | D:5      | XOM: noise
  4811 | D:5      | XOM: severe Chrm miscast
  4916 | D:5      | Reached XP level 7. HP: 40/48 MP: 8/8
  5041 | D:5      | XOM: noise
  5165 | D:5      | Got an aquamarine-encrusted leather armour
  5194 | D:5      | Found a burning altar of Makhleb.
  5381 | D:5      | Found a sparkling altar of Nemelex Xobeh.
  5641 | D:5      | XOM: scenery: 1 doors close
  5905 | D:5      | Reached skill level 6 in Axes
  5958 | D:5      | Found an ornate altar of the Wu Jian Council.
  6041 | D:5      | XOM: give mutations
  6041 | D:5      | Gained mutation: Scrolls take you a little longer to read. [Xom's mischief]
  6041 | D:5      | Gained mutation: You are dopey. (Int -2) [Xom's mischief]
  6198 | D:6      | XOM: confuse monster(s)
  6209 | D:6      | Noticed Duvessa
  6210 | D:6      | Noticed Dowan
  6257 | D:6      | XOM: 1-stop teleportation journey
  6308 | D:6      | XOM: god gift: glowing executioner's axe {god gift}
  6566 | D:6      | Killed Duvessa
  6566 | D:6      | Gained mutation: You have a pair of small antennae on your head. [demonic ancestry]
  6566 | D:6      | Reached XP level 8. HP: 44/54 MP: 10/10
  6570 | D:6      | Noticed Dowan
  6570 | D:6      | Dowan changed into Dowan the river rat
  6576 | D:6      | Killed Dowan the river rat
  6578 | D:6      | HP: 2/54 [centaur (7)]
  6623 | D:5      | XOM: mild Summ miscast
  6963 | D:6      | Identified the +1 leather armour of the Amoeba {rPois} (You found it on level 5 of the Dungeon)
  7026 | D:6      | Found a blossoming altar of Fedhas.
  7184 | D:5      | HP: 1/54 [wight/mace of freezing (5)]
  7184 | D:5      | Slain by a wight

Skill      XL: |  1  2  3  4  5  6  7 |
---------------+----------------------+-----
Axes           | 3 4 5 6 |  6.5
Dodging        | 1 2 3 |  3.4
Armour         | 2 3 |  3.8
Evocations     | 1 2 3 |  3.2
Fighting       | 4 |  4.8

Action                   |  1- 3 |  4- 6 |  7- 9 || total
-------------------------+-------+-------+-------++-------
Melee: Hand axe          |   113 |   185 |   158 ||   456
  Use: Potion            |       |       |     4 ||     4
       Scroll            |       |       |     3 ||     3
 Stab: Sleeping          |     2 |       |       ||     2
       Paralysed         |       |    13 |     2 ||    15
       Confused          |       |       |     3 ||     3
       Petrifying        |       |       |     1 ||     1
  Eat: Chunk             |     4 |     9 |     3 ||    16
       Ration            |       |       |     1 ||     1
Armor: Leather armour    |    31 |       |     2 ||    33
       Scale mail        |    18 |    75 |    56 ||   149
Dodge: Dodged            |    77 |    90 |    74 ||   241

Vault maps used:
D:1:      eino_arrival_cavern_c, corexii_hall_statues_i
D:2:      lemuel_round_altar, ashenzari_conservatory_becter
D:3:      eat_drink_and_be_merry_uskayaw, first_ration
D:4:      cheibriados_altar_1, old_standard_altar, led_sif_pool
D:5:      makhleb_heckhound_becter, nemelex_xobeh_ov_fountains_minmay,
          kennysheep_mini_moat, kennysheep_generic_room_11
D:6:      nicolae_overflow_hidden_temple, kennysheep_mini, uniq_duvessa
